 Dungeon Crawl Stone Soup version 0.28-a0-895-g6e5f11bd55 (webtiles) character file.

Game seed: 3036106862773152185

15 horus123 the Skirmisher (level 2, -20/32 HPs)
             Began as an Ogre Berserker on Nov 22, 2021.
             Was a Follower of Trog.
             Engulfed by a cloud of flame (30 damage)
             ... on level 1 of the Dungeon.
             The game lasted 00:01:04 (510 turns).

horus123 the Skirmisher (Ogre Berserker)             Turns: 510, Time: 00:01:07

Health: -20/32     AC:  3    Str: 20    XL:     2   Next: 50%
Magic:  2/2        EV: 10    Int:  8    God:    Trog [*.....]
Gold:   25         SH:  0    Dex:  8    Spells: 1/1 levels left

rFire   . . .      SeeInvis .   c - +2 double sword (holy)
rCold   . . .      Faith    .   (no shield)
rNeg    . . .      Spirit   .   b - +0 animal skin
rPois   .          Reflect  .   (helmet restricted)
rElec   .          Harm     .   (no cloak)
rCorr   .          Rampage  .   (gloves unavailable)
Will    .....                   (boots unavailable)
Stlth   +.........              (no amulet)
HPRegen 0.10/turn               (no ring)
MPRegen 0.08/turn               (no ring)

@: no status effects
A: large, unfitting armour, tough skin 1
a: Renounce Religion, Berserk


You were on level 1 of the Dungeon.
You worshipped Trog.
Trog was aware of your devotion.
You visited 1 branch of the dungeon, and saw 1 of its levels.

You collected 25 gold pieces.

Inventory:

Hand Weapons
 a - a +0 mace
 c - a +2 double sword of holy wrath (weapon)
Armour
 b - a +0 animal skin (worn)
Scrolls
 d - a scroll of silence
 f - 2 scrolls of immolation
 g - a scroll of fear
Potions
 e - a potion of ambrosia {unknown}


   Skills:
 + Level 4.3 Fighting
 + Level 0.2 Long Blades
 + Level 3.0 Maces & Flails
 + Level 2.8 Dodging
 + Level 0.2 Stealth


You had one spell level left.
You didn't know any spells.
Your spell library was empty.

Dungeon Overview and Level Annotations

Branches:
Dungeon (1/15)

Altars:


Innate Abilities, Weirdness & Mutations

You are too large for most types of armour.
You have tough skin. (AC +1)


Message History

No target in view!
No target in view!
No target in view!
No target in view!
No target in view!
No target in view!
No target in view!
No target in view!
No target in view!
No target in view!
No target in view!
No target in view!
You see here a ball python corpse.
A ball python comes into view.
Found a scroll of fear.
The ball python hisses angrily.
Found a leather armour.
You slash the ball python!
You kill the ball python!
Trog accepts your kill.
No target in view!
An endoplasm comes into view.
You see here a scroll of fear.
An endoplasm is nearby!
g - a scroll of fear An endoplasm is nearby!
As you read the scroll labelled HOIDO ASS, it crumbles to dust.
The creatures around you are filled with an inner flame!
It was a scroll of immolation.
The endoplasm quivers.
You see here a +0 leather armour.
A kobold comes into view. It is wielding a +0 club.
You slash the endoplasm! Trog accepts your kill.
The endoplasm explodes!
The fiery explosion engulfs you!!
Ouch! That really hurt!
You are engulfed in blazing flames.
Ouch! That really hurt!
You die...

###.≈≈≈≈≈.≈≈ ..K.###.#
#...≈...≈... .......#
#.≈≈≈.≈.≈≈≈. ......#
..≈...≈.....
#.....#^≈≈≈.≈≈≈.<.≈≈
#.....#.≈...≈.....≈.
##.§§§...≈.#.≈.≈≈≈.≈.
#..§§§.≈≈≈.#.≈...≈...
##..§@§.≈...#.≈≈≈.≈≈≈≈
#.......≈.#.#...≈.....
#...[...≈.# #.#.≈≈≈.##
#.......≈.# #.#...≈..
###......≈.#
#........≈.#
#.#......≈##
#.#†......#
#####.#....##.#


You could see a kobold (asleep).

Vanquished Creatures
  2 bats (D:1)
  3 endoplasms (D:1)
  2 goblins (D:1)
  2 hobgoblins (D:1)
  A quokka (D:1)
  2 ball pythons (D:1)
  A frilled lizard (D:1)
  2 kobolds (D:1)
  A rat (D:1)
16 creatures vanquished.

Notes
Turn   | Place    | Note
-------+----------+-------------------------------------------
     0 | D:1      | horus123 the Ogre Berserker began the quest for the Orb.
     0 | D:1      | Reached XP level 1. HP: 24/24 MP: 1/1
    91 | D:1      | Identified a scroll of acquirement
    91 | D:1      | Acquired a +2 double sword of holy wrath
   125 | D:1      | Reached XP level 2. HP: 31/32 MP: 2/2
   510 | D:1      | Engulfed by a cloud of flame

Illustrated notes

Levels and vault maps discovered:
D:1:      psy_arrival_radial02, layout_basic, dilly_ecumenical_altar_fadedgnrine

Skill      XL: |  1  2 |
---------------+-------+-----
Maces & Flails | 3 |  3.0
Fighting       | |  4.3
Long Blades    | |  0.2
Dodging        | |  2.8
Stealth        | |  0.2

Action                   || total
-------------------------++-------
Melee: Double sword      ||    27
       Mace              ||     8
  Use: Scroll            ||     5
 Stab: Sleeping          ||     1
Armor: Animal skin       ||    13
Dodge: Dodged            ||    17

Table legend: (Time is in decaauts)
 A = Elapsed time spent in this place.
 B = Non-inter-level travel time spent in this place.
 C = Inter-level travel time spent in this place.
 D = Time resting spent in this place.
 E = Time spent auto-exploring this place.
 F = Levels seen in this place.
 G = Mean time per level.
                   A        B        C        D        E       F      G
               +--------+--------+--------+--------+--------+-----+--------+
         Total |    526 |    526 |      0 |      0 |    411 |   1 |  526.0 |
       Dungeon |    526 |    526 |      0 |      0 |    411 |   1 |  526.0 |
               +--------+--------+--------+--------+--------+-----+--------+

Top non-repeatable levels by time:
     D:1: 526 daAuts
